 Dungeon Crawl Stone Soup version 0.29-a0-1033-gb6c65ffae6 (webtiles) character file.

Game seed: 14367136521065095252

18 ytrimaz the Insei (level 2, 0/31 HPs)
             Began as a Demonspawn Transmuter on Aug 15, 2022.
             Frozen to death by an endoplasm (1 damage)
             ... on level 2 of the Dungeon.
             The game lasted 00:02:12 (1274 turns).

ytrimaz the Insei (Demonspawn Transmuter)           Turns: 1274, Time: 00:02:13

Health: 0/31       AC: 21    Str: 10    XL:     2   Next: 48%
Magic:  4/5        EV:  2    Int: 14    God:
Gold:   0          SH:  0    Dex: 13    Spells: 4/5 levels left

rFire   . . .      SeeInvis .     - Unarmed
rCold   . . .      Faith    .   (no shield)
rNeg    . . .      Spirit   .   (body armour currently unavailable)
rPois   +          Reflect  .   (helmet currently unavailable)
rElec   .          Harm     .   (cloak currently unavailable)
rCorr   .          Rampage  .   (gloves currently unavailable)
Will    .....      Clarity  +   (boots currently unavailable)
Stlth   +......... NoTele   +   (no amulet)
HPRegen 0.10/turn               (no ring)
MPRegen 0.09/turn               (no ring)

@: lethally poisoned (0 -> -7), tree-form
A: stationary, stasis, torment immunity, boosted hp, powered by pain 1, (hooves
1), (horns 1), clarity
a: no special abilities


You were on level 2 of the Dungeon.
You were a tree.
You visited 1 branch of the dungeon, and saw 2 of its levels.

Inventory:

Armour
 a - a +0 robe (melded)
Jewellery
 c - a ring of flight
Scrolls
 f - a scroll of teleportation
 i - a scroll of noise


   Skills:
 - Level 1.0 Fighting
 - Level 1.8 Dodging
 + Level 3.3 Unarmed Combat
 - Level 2.0 Spellcasting
 + Level 2.1 Transmutations


You had 4 spell levels left.
You knew the following spells:

 Your Spells              Type           Power      Damage    Failure   Level
a - Beastly Appendage     Tmut           14%        N/A       10%         1

Your spell library contained the following spells:

 Spells                   Type           Power      Damage    Failure   Level
 Wereblood                Tmut           7%         N/A       16%         2
 Spider Form              Tmut/Pois      4%         N/A       43%         3
 Ice Form                 Ice/Tmut       4%         N/A       83%         4


Dungeon Overview and Level Annotations

Branches:
Dungeon (2/15)

Altars:


Innate Abilities, Weirdness & Mutations

You are a tree.
Your roots penetrate the ground, keeping you stationary.
You cannot be teleported.
You are immune to unholy pain and torment.
Your maximum health is greatly increased.
Your equipment is partially melded.
You sometimes gain a little power by taking damage.
((You have large cloven feet.))
((You have a pair of small horns on your head.))
You possess an exceptional clarity of mind.


Message History

The frilled lizard hisses angrily.
The adder completely misses you.
You barely miss the adder. The adder bites you.
You are poisoned.
The adder poisons you!
You barely miss the adder. Your kick misses the adder.
You feel sick. The adder bites you. x2
You hit the adder.
The adder is lightly wounded.
You feel sick. The adder bites you.
You are lethally poisoned!
The adder poisons you!
You miss the adder.
You headbutt the adder, but do no damage.
The adder is lightly wounded.
You feel sick. The adder bites you.
* * * LOW HITPOINT WARNING * * *
You are more poisoned.
The adder poisons you!
Really quaff the potion of lignification?
Okay, then.
Really quaff the potion of lignification?
Your talons disappear.
You turn into a tree.
Your +0 robe melds into your body.
Your roots penetrate the ground.
* * * LOW HITPOINT WARNING * * *
You feel very sick. The adder bites you but does no damage.
The endoplasm freezes you.
You are frozen.
* * * LOW HITPOINT WARNING * * *
The adder bites you but does no damage.
Unknown command.
You hit the adder.
The adder is moderately wounded.
* * * LOW HITPOINT WARNING * * *
You feel sick. The endoplasm freezes you.
You are frozen.
You die...

............
..$........##
............
....[......#
...........#
..........#
###########
......lJ.##
#.......(.. #...S♣..#
#..........
#######.####..........
###...............
......................
############..........
#..........
#.......<..
#..........
#..........


You could see an adder, an endoplasm and a frilled lizard.

Vanquished Creatures
  2 dart slugs (D:1)
  A ball python (D:1)
  An endoplasm (D:1)
  3 goblins (D:1)
  A bat (D:1)
  4 kobolds (D:1)
  3 rats (D:1)
15 creatures vanquished.

Notes
Turn   | Place    | Note
-------+----------+-------------------------------------------
     0 | D:1      | ytrimaz the Demonspawn Transmuter began the quest for the
                  | Orb.
     0 | D:1      | Reached XP level 1. HP: 15/15 MP: 3/3
   338 | D:1      | Reached skill level 3 in Unarmed Combat
   349 | D:1      | Gained mutation: You sometimes gain a little power by
                  | taking damage. [demonic ancestry]
   349 | D:1      | Reached XP level 2. HP: 6/21 MP: 3/5
   757 | D:1      | Gained mutation: You have large cloven feet. [potion of
                  | mutation]
   757 | D:1      | Gained mutation: You have a pair of small horns on your
                  | head. [potion of mutation]
   757 | D:1      | Gained mutation: You possess an exceptional clarity of
                  | mind. [potion of mutation]
  1274 | D:2      | HP: 1/31 [poisoned by an adder]
  1274 | D:2      | Frozen to death by an endoplasm

Illustrated notes

Levels and vault maps discovered:
D:1:      shiori_arrival_oz, layout_basic, minmay_misc_feat_plants,
          minmay_pentomino_q2
D:2:      layout_rooms, hellmonk_ecumenical_altar_blasted, minmay_joined_circles

Skill      XL: |  1  2 |
---------------+-------+-----
Unarmed Combat | 3 |  3.3
Transmutations | 2 |  2.1
Fighting       | |  1.0
Dodging        | |  1.8
Spellcasting   | |  2.0

Action                   || total
-------------------------++-------
Melee: Unarmed           ||    35
       Headbutt          ||     7
       Kick              ||     6
 Cast: Beastly Appendage ||    16
  Use: Potion            ||     4
       Scroll            ||     2
Armor: Robe              ||     6
       Skin              ||     2
Dodge: Dodged            ||    18

Table legend: (Time is in decaauts)
 A = Elapsed time spent in this place.
 B = Non-inter-level travel time spent in this place.
 C = Inter-level travel time spent in this place.
 D = Time resting spent in this place.
 E = Time spent auto-exploring this place.
 F = Levels seen in this place.
 G = Mean time per level.
                   A        B        C        D        E       F      G
               +--------+--------+--------+--------+--------+-----+--------+
         Total |   1279 |   1259 |     20 |    138 |    952 |   2 |  639.5 |
       Dungeon |   1279 |   1259 |     20 |    138 |    952 |   2 |  639.5 |
               +--------+--------+--------+--------+--------+-----+--------+

Top non-repeatable levels by time:
     D:1: 1254 daAuts
     D:2: 24 daAuts
